AoeStats
← joaaco182

Arabia

510366688Analyzed
1v1 RM · 2d ago on Sep 30, 2026· 67m 32s· 2 players
Game mode
Random Map
Map size
Tiny (2 player)
Population
200
Speed
Normal
Resources
Standard
Victory
Conquest
Starting age
Dark Age
Ending age
Imperial Age
RankedLock teamsTeams togetherTeam positionsShared explorationLock speedFull tech treeHidden civsTurbo modeCheats
Victory
Defeat
🇦🇷 Maya · Argentina
1012
+16
🇨🇱 Maya · Chile
1022
-16
joaaco182
6:30 Loom
9:24 Feudal Age
13:52 Double-Bit Axe
14:10 Fletching
21:11 Castle Age
22:31 Bodkin Arrow
21:59 Crossbowman
24:29 Thumb Ring
29:30 Wheelbarrow
29:16 Padded Archer Armor
29:48 Bow Saw
30:26 Gold Mining
31:50 Elite Skirmisher
37:15 Imperial Age
35:20 Leather Archer Armor
35:40 Sanctity
37:56 Ballistics
41:44 Two-Man Saw
40:14 Arbalester
41:06 Bracer
47:19 Elite Plumed Archer
48:45 Ring Archer Armor
55:16 Chemistry
57:03 Hand Cart
Boss's Order
0:32 Loom
0:51 Loom
9:46 Feudal Age
10:19 Double-Bit Axe
15:15 Horse Collar
19:52 Castle Age
18:11 Gold Mining
19:01 Padded Archer Armor
19:51 Fletching
21:43 Bow Saw
20:57 Elite Skirmisher
23:50 Stone Mining
25:00 Wheelbarrow
25:48 Crossbowman
28:14 Town Watch
34:20 Bodkin Arrow
34:41 Leather Archer Armor
34:56 Eagle Warrior
35:37 Squires
39:31 Scale Mail Armor
39:42 Forging
40:30 Arson
42:03 Chain Mail Armor
42:56 Iron Casting
47:45 Coinage
48:28 Ballistics
56:27 Town Patrol
63:58 Heavy Plow
Connection lost

Rejoining the realm…

Still unreachable

The connection could not be restored.

Session expired

The server has moved on; the page needs a fresh start.